 Dungeon Crawl Stone Soup version 0.30-a0-371-gad7725a93e (webtiles) character file.

Game seed: 12026935809211462402

9 Spectrina the Ducker (level 2, -1/18 HPs)
             Began as a Deep Elf Monk on Nov 22, 2022.
             Slain by a hound (5 damage)
             ... on level 4 of the Dungeon.
             The game lasted 00:02:04 (431 turns).

Spectrina the Ducker (Deep Elf Monk)                 Turns: 431, Time: 00:02:04

Health: -1/18      AC:  2    Str:  8    XL:     2   Next: 6%
Magic:  4/4        EV: 13    Int: 14    God:
Gold:   35         SH:  0    Dex: 17    Spells: 1/1 levels left

rFire   . . .      SeeInvis .    a - +0 short sword
rCold   . . .      Faith    .    (no shield)
rNeg    . . .      Spirit   .    b - +0 robe
rPois   .          Reflect  .    (no helmet)
rElec   .          Harm     .    (no cloak)
rCorr   .          Rampage  .    (no gloves)
Will    .....                    (no boots)
Stlth   +++.......               (no amulet)
HPRegen 0.23/turn                (no ring)
MPRegen 0.09/turn                (no ring)

@: no status effects
A: no striking features
a: no special abilities


You were on level 4 of the Dungeon.
You visited 1 branch of the dungeon, and saw 4 of its levels.

You collected 35 gold pieces.

Inventory:

Hand Weapons
 a - a +0 short sword (weapon)
 h - a +0 dagger
Armour
 b - a +0 robe (worn)
Scrolls
 e - a scroll of fear {unknown}
 f - a scroll of enchant armour {unknown}
 g - a scroll of brand weapon {unknown}
 i - a scroll of summoning {unknown}
 j - a scroll of identify {unknown}
 k - a scroll of blinking {unknown}
 l - 3 scrolls of immolation {unknown}
 n - a scroll of teleportation {unknown}
 o - a scroll of acquirement {unknown}
Potions
 c - a potion of ambrosia
 m - a potion of flight {unknown}


   Skills:
 - Level 2.4 Fighting
 - Level 3.0 Short Blades
 - Level 3.6 Dodging
 + Level 3.6 Stealth


You had one spell level left.
You didn't know any spells.
Your spell library was empty.

Dungeon Overview and Level Annotations

Branches:
Dungeon (4/15)
 Temple: D:4-7

Altars:
Makhleb

Shops:
D:4 [


Message History

Found a stone staircase leading down.
Unknown command.
There is a stone staircase leading down here.
A hound comes into view.
Found a burning altar of Makhleb.
Unknown command.
The hound barks!
You hear a shout!
a - a +0 short sword (weapon)
You completely miss the hound. The hound bites you.
You hit the hound.
The hound is lightly wounded.
The hound bites you. x2
You closely miss the hound.
The hound is lightly wounded.
The hound bites you.
You hit the hound.
The hound is moderately wounded.
The hound closely misses you.
You hit the hound.
The hound is moderately wounded.
The hound closely misses you.
You miss the hound.
The hound is moderately wounded.
The hound bites you but does no damage. The hound closely misses you.
It was a potion of cancellation.
You feel magically purged. The hound closely misses you.
You hit the hound.
The hound is heavily wounded.
The hound bites you. The hound barely misses you.
You miss the hound.
The hound is heavily wounded.
The hound closely misses you.
You hit the hound but do no damage.
The hound is heavily wounded.
The hound bites you.
* * * LOW HITPOINT WARNING * * *
You closely miss the hound.
The hound is heavily wounded.
The hound bites you.
You die...

## #.# #.#
###∩####.######.#
#.._..#.[.......#
.....##.########
#...# #.# #.h.#
#.# #...# #.#
#.###># #..h@.#
#######


You could see a hound.

Vanquished Creatures
  2 endoplasms
  A giant cockroach (D:1)
  2 goblins (D:1)
  A quokka (D:3)
  A ball python (D:2)
  A rat (D:1)
8 creatures vanquished.

Notes
Turn   | Place    | Note
-------+----------+-------------------------------------------
     0 | D:1      | Spectrina the Deep Elf Monk began the quest for the Orb.
     0 | D:1      | Reached XP level 1. HP: 13/13 MP: 3/3
   332 | D:3      | Reached XP level 2. HP: 18/18 MP: 4/4
   336 | D:4      | Found Zatan's Antique Armour Boutique.
   347 | D:4      | Noticed a howler monkey
   415 | D:4      | Found a burning altar of Makhleb.
   431 | D:4      | Slain by a hound

Illustrated notes

Levels and vault maps discovered:
D:1:      eino_arrival_cavern_b, layout_loops_ring, minmay_misc_feat_rows
D:2:      layout_loops_ring, serial_shops, nicolae_shop_trees, glass_columns_a,
          roderic_lattice_a, roderic_serpentine_path, uniq_jessica, uniq_robin
D:3:      layout_basic, mainiacjoe_overflow_concentric_impassable,
          mainiacjoe_overflow_alcove_2
D:4:      layout_basic, grunt_dithmenos_smoke, lemuel_crystal_altar,
          makhleb_heckhound_becter, nicolae_ossuary_entry_giza, serial_shops,
          nicolae_shop_advertising_works [nicolae_subvault_shop_adworks],
          uniq_edmund

Skill      XL: |  1 |
---------------+----+-----
Stealth        | 3 |  3.6
Fighting       | |  2.4
Short Blades   | |  3.0
Dodging        | |  3.6

Action                   || total
-------------------------++-------
Melee: Dagger            ||    22
       Short sword       ||    12
  Use: Potion            ||     1
 Stab: Sleeping          ||     3
Armor: Robe              ||     9
Dodge: Dodged            ||    16

Table legend: (Time is in decaauts)
 A = Elapsed time spent in this place.
 B = Non-inter-level travel time spent in this place.
 C = Inter-level travel time spent in this place.
 D = Time resting spent in this place.
 E = Time spent auto-exploring this place.
 F = Levels seen in this place.
 G = Mean time per level.
                   A        B        C        D        E       F      G
               +--------+--------+--------+--------+--------+-----+--------+
         Total |    425 |    425 |      0 |      0 |      0 |   4 |  106.2 |
       Dungeon |    425 |    425 |      0 |      0 |      0 |   4 |  106.2 |
               +--------+--------+--------+--------+--------+-----+--------+

Top non-repeatable levels by time:
     D:1: 233 daAuts
     D:4: 93 daAuts
     D:2: 81 daAuts
     D:3: 16 daAuts
